Map: Oxide LE

Players

LiquidMaNa (MaNa) - Winner!

  • Race: Protoss Protoss
  • League: Grandmaster
  • Spawn Location: 7:00

Geralt (Gerald)

  • Race: Protoss Protoss
  • League: Grandmaster
  • Spawn Location: 1:00

Event: DreamHack SC2 Masters 2020 Winter

VOD

Have the link to the VOD?

Description

Time

  • Played on: Nov. 1, 2020, 10:42 a.m.
  • Length: 8:17

All games in this series

Show
View Real Time Build Order
Export as new Build Order

LiquidMaNa Protoss - Winner!

Build Orders: 1 Gate Expand, Oracle Opening 

Get SALT Encoding   

  12  0:00  Probe  
  13  0:12  Probe  
  14  0:19  Pylon  
  14  0:24  Probe (Chrono Boost)  
  15  0:37  Probe (Chrono Boost)  
  15  0:39  Gateway  
  16  0:46  Probe (Chrono Boost)  
  16  0:47  Assimilator  
  17  0:51  Probe (Chrono Boost)  
  18  1:03  Probe (Chrono Boost)  
  20  1:21  Nexus  
  20  1:25  Unknown  
  19  1:28  Cybernetics Core  
  19  1:32  Probe  
  19  1:38  Assimilator  
  20  1:45  Probe  
  21  1:50  Pylon  
  21  1:57  Probe  
  22  2:06  Warp Gate, Adept (Chrono Boost)  
  22  2:09  Probe  
  25  2:21  Stargate, Probe  
  26  2:29  Adept  
  28  2:34  Probe (Chrono Boost)  
  30  2:37  Probe (Chrono Boost)  
  31  2:45  Probe (Chrono Boost)  
  31  2:48  Probe (Chrono Boost)  
  31  2:49  Probe (Chrono Boost)  
  33  3:02  Robotics Facility  
  32  3:09  Oracle (Chrono Boost)  
  32  3:10  Shield Battery  
  35  3:15  Probe x2  
  37  3:25  Stalker  
  39  3:27  Probe x2  
  39  3:33  Pylon  
  41  3:39  Probe x2  
  43  3:49  Immortal (Chrono Boost)  
  43  3:51  Probe x2  
  49  4:03  Probe x2  
  49  4:05  Stalker  
  54  4:24  Pylon  
  54  4:29  Forge  
  54  4:31  Observer  
  54  4:35  Pylon  
  54  4:38  Assimilator  
  54  4:42  Twilight Council, Probe x2  
  54  4:45  Sentry  
  58  4:53  Nexus  
  58  4:54  Pylon  
  58  4:55  Probe x2  
  58  4:59  Immortal  
  64  5:05  Assimilator  
  64  5:10  Probe  
  64  5:13  Protoss Ground Weapons Level 1 (Chrono Boost)  
  61  5:19  Probe  
  62  5:23  Probe  
  62  5:24  Gateway x2  
  63  5:31  Probe  
  63  5:35  Blink (Chrono Boost), Probe  
  65  5:39  Immortal  
  69  5:43  Probe  
  69  5:47  Probe  
  71  5:51  Gateway  
  71  5:55  Probe  
  72  5:57  Stalker  
  72  5:59  Probe  
  75  6:07  Probe  
  75  6:08  Shield Battery  
  76  6:11  Gateway  
  76  6:13  Gateway, Observer  
  76  6:19  Warp Prism  
  76  6:21  Sentry x2  
  76  6:22  Sentry  
  76  6:23  Probe  
  86  6:25  Probe  
  86  6:26  Probe  
  87  6:35  Probe  
  87  6:37  Probe  
  87  6:38  Probe  
  90  6:40  Pylon  
  90  6:41  Pylon  
  90  6:47  Probe  
  90  6:49  Stalker  
  90  6:50  Pylon  
  90  6:51  Pylon  
  93  6:57  Photon Cannon  
  93  6:58  Probe x2  
  92  7:02  Stalker x3  
  98  7:11  Observer  
  98  7:13  Stalker x3  
  103  7:26  Stalker x3  
  105  7:44  Stalker x3  
  99  7:54  Observer  
  99  7:56  Stalker x3  
  99  8:10  Nexus  
Show
View Real Time Build Order
Export as new Build Order

Geralt Protoss 

Build Orders: 1 Gate Expand 

Get SALT Encoding   

  12  0:00  Probe  
  13  0:12  Probe  
  14  0:17  Pylon  
  14  0:24  Probe (Chrono Boost)  
  16  0:37  Probe (Chrono Boost)  
  16  0:38  Gateway  
  16  0:42  Probe (Chrono Boost)  
  16  0:46  Assimilator  
  17  0:51  Probe  
  17  0:54  Assimilator  
  18  1:03  Probe (Chrono Boost)  
  19  1:07  Gateway  
  19  1:12  Probe (Chrono Boost)  
  21  1:30  Nexus  
  20  1:39  Cybernetics Core  
  20  1:43  Probe  
  21  1:55  Pylon, Probe  
  22  2:07  Probe  
  23  2:09  Gateway  
  23  2:16  Warp Gate (Chrono Boost)  
  23  2:19  Stalker  
  23  2:20  Probe  
  26  2:32  Probe  
  26  2:40  Pylon  
  26  2:43  Probe  
  27  2:49  Stalker, Probe  
  30  2:57  Probe  
  31  2:59  Shield Battery  
  31  3:01  Probe  
  32  3:09  Probe  
  33  3:13  Probe  
  33  3:17  Stalker  
  36  3:20  Sentry  
  36  3:24  Probe  
  36  3:26  Probe  
  40  3:32  Twilight Council  
  40  3:38  Probe  
  40  3:39  Probe  
  42  3:50  Probe  
  42  3:51  Probe  
  44  3:57  Forge, Stalker  
  44  4:01  Stalker  
  49  4:04  Probe (Chrono Boost)  
  49  4:06  Probe (Chrono Boost)  
  49  4:15  Blink (Chrono Boost), Probe (Chrono Boost)  
  47  4:20  Probe (Chrono Boost)  
  47  4:21  Protoss Ground Weapons Level 1 (Chrono Boost), Probe (Chrono Boost)  
  48  4:29  Photon Cannon  
  48  4:30  Probe  
  49  4:33  Probe  
  50  4:42  Gateway  
  50  4:45  Gateway  
  50  4:46  Probe  
  50  4:47  Probe  
  50  4:50  Assimilator  
  52  4:59  Probe  
  52  5:12  Pylon  
  52  5:22  Robotics Facility  
  52  5:28  Nexus  
  52  5:32  Probe  
  53  5:35  Stalker, Pylon  
  53  5:36  Stalker  
  53  5:38  Probe  
  53  5:41  Gateway  
  58  5:43  Gateway  
  58  5:45  Probe  
  59  5:51  Probe  
  60  5:57  Stalker x2  
  60  5:58  Probe  
  60  6:00  Charge (Chrono Boost)  
  65  6:05  Stalker x2  
  70  6:11  Observer  
  70  6:28  Gateway  
  70  6:37  Pylon x2  
  70  6:40  Probe x2  
  70  6:42  Gateway  
  70  6:46  Probe, Dark Shrine  
  73  6:51  Zealot x3  
  73  6:52  Probe x2  
  81  6:54  Sentry  
  83  7:01  Warp Prism  
  83  7:07  Probe  
  88  7:09  Zealot  
  90  7:17  Zealot x2  
  90  7:20  Zealot x3  
  98  7:26  Zealot  
  100  7:32  Zealot  
  88  7:38  Zealot x3  
  88  7:42  Zealot x3  
  78  7:47  Stalker  
  66  7:56  Zealot  
Tags
 
Add a new tag
Caveats
  • Supply blocks, unpowered buildings, or Contaminate may cause inaccurate times.
  • Supply counts are checked every 10 seconds.